 Dungeon Crawl Stone Soup version 0.18-a0-1195-g77a4f03 (console) character file.

393 sorlin the Sneak (level 6, -6/56 HPs)
             Began as a Naga Wizard on Jan 29, 2016.
             Mangled by a gnoll
             ... wielding a +0 flail
              (9 damage)
             ... on level 5 of the Dungeon.
             The game lasted 00:25:29 (4479 turns).

sorlin the Sneak (Naga Wizard)                      Turns: 4479, Time: 00:25:29

Health: -6/56      AC:  4    Str: 12    XL:     6   Next: 81%
Magic:  10/10      EV: 16    Int: 19    God:
Gold:   185        SH:  5    Dex: 15    Spells: 3 memorised, 6 levels left

rFire  . . .     SeeInvis +     a - +0 dagger (venom)
rCold  . . .     Gourm    .     o - +1 robe {MR+}
rNeg   . . .     Faith    .     (no shield)
rPois  +         Spirit   .     b - +0 hat
rElec  .         Dismiss  .     (no cloak)
rCorr  .         Reflect  +     (no gloves)
SustAt .         Harm     .     (no barding)
MR     +....                    m - +5 amulet of reflection
Stlth  +++++.....               (no ring)
                                (no ring)

@: agile, repel missiles, very slow, somewhat resistant to hostile enchantments,
quite stealthy
A: see invisible, deformed body, poison resistance, slowness 2, slow metabolism
1, spit poison 2, strong 1, AC +2
a: Spit Poison


You were on level 5 of the Dungeon.
You were very hungry.

You visited 1 branch of the dungeon, and saw 7 of its levels.

You collected 185 gold pieces.

Inventory:

Hand Weapons
 a - a +0 dagger of venom (weapon)
 f - a +0 dagger
 h - a +2 short sword of draining
 y - a +0 flail
Missiles
 g - 3 javelins (quivered)
 w - 17 poisoned needles
Armour
 b - a +0 hat (worn)
 n - a +0 robe
 o - a +1 robe of magic resistance (worn)
 p - a +0 chain mail
Jewellery
 m - a +5 amulet of reflection (around neck)
Wands
 A - a wand of confusion (20/48)
Scrolls
 e - 6 scrolls of remove curse
 k - 2 scrolls of random uselessness {unknown}
 l - a scroll of recharging {unknown}
 q - a scroll of fog
 u - 5 scrolls of teleportation {unknown}
 x - a scroll of blinking {unknown}
Potions
 s - a potion of mutation {unknown}
 t - a potion of cure mutation {unknown}
 v - a potion of might {unknown}
 z - a potion of heal wounds {unknown}
Books
 c - a book of Minor Magic

   Spells                             Type                      Level
   a - Magic Dart                     Conjuration                  1
   b - Blink                          Translocation                2
   c - Call Imp                       Summoning                    2
   d - Repel Missiles                 Charms/Air                   2
   e - Slow                           Hexes                        2
   f - Conjure Flame                  Conjuration/Fire             3
   g - Mephitic Cloud                 Conjuration/Poison/Air       3
Comestibles
 d - 3 bread rations
 B - a slice of pizza


   Skills:
 - Level 3.1 Fighting
 * Level 2.2 Short Blades
 * Level 3.0 Dodging
 - Level 7.0 Stealth
 - Level 3.0 Spellcasting
 - Level 1.0 Conjurations
 - Level 1.0 Summonings
   Level 1.0 Translocations


You had 6 spell levels left.
You knew the following spells:

 Your Spells              Type           Power        Failure   Level  Hunger
a - Magic Dart            Conj           #...         12%         1    None
b - Call Imp              Summ           #.......     17%         2    ##.....
c - Repel Missiles        Chrm/Air       #.....       24%         2    ##.....


Dungeon Overview and Level Annotations

Branches:
Dungeon (7/15)
 Temple: D:4-7

Altars:
Fedhas
Pakellas
Qazlal
Xom


Innate Abilities, Weirdness & Mutations

You cannot wear boots.
Your serpentine skin is tough (AC +2).
You have supernaturally acute eyesight.
Armour fits poorly on your strangely shaped body.
Your system is resistant to poisons.
You cover ground very slowly.
You have a slow metabolism.
You can spit poison.
Your muscles are strong. (Str +2)


Message History

You completely miss the gnoll.
The gnoll is severely wounded.
The crimson imp grins evilly.
The crimson imp blinks!
You hit the gnoll.
The gnoll is moderately wounded.
You kill the gnoll!
You barely miss the gnoll.
The gnoll is moderately wounded.
You have got your breath back.
The gnoll hits you from afar with a spear.
The gnoll hits you with a flail!
* * * LOW HITPOINT WARNING * * *
Drink which item? (? for menu, Esc to quit)
It was a potion of agility.
You feel agile all of a sudden.
The gnoll hits you from afar with a spear!
* * * LOW HITPOINT WARNING * * *
The gnoll hits you with a flail!
You die...

#... #... #... ###
## #... ..# . .
####...####.#.##..
............#.....
.........†55......
........g5..#
####...####5#
#....@gg5#
#...###### #...
#..g ##.. ###


You could see 2 gnolls, a crimson imp and a shadow imp.

Vanquished Creatures
  An ogre (D:4)
  A hound (D:5)
  Jessica (D:3)
  A worker ant (D:4)
  8 gnolls
  9 adders
  An ooze (D:1)
  2 worms (D:2)
  An orc (D:3)
  5 bats
  4 giant cockroaches
  5 goblins
  6 hobgoblins
  3 jackals (D:2)
  A quokka (D:2)
  2 giant newts
  5 kobolds
  5 rats
61 creatures vanquished.

Vanquished Creatures (collateral kills)
  A hound (D:5)
  A giant gecko (D:2)
2 creatures vanquished.

Vanquished Creatures (others)
  A yak (D:3)
1 creature vanquished.

Grand Total: 64 creatures vanquished

Notes
Turn   | Place    | Note
--------------------------------------------------------------
     0 | D:1      | sorlin the Naga Wizard began the quest for the Orb.
     0 | D:1      | Reached XP level 1. HP: 15/15 MP: 4/4
   368 | D:1      | Reached skill level 1 in Fighting
   456 | D:1      | Reached XP level 2. HP: 25/25 MP: 4/6
   466 | D:1      | Learned a level 2 spell: Call Imp
   479 | D:1      | Reached skill level 4 in Stealth
  1580 | D:2      | Reached XP level 3. HP: 31/31 MP: 5/7
  1623 | D:2      | Found a stormy altar of Qazlal.
  1624 | D:2      | Noticed a fire elemental
  1626 | D:2      | Noticed an air elemental
  1626 | D:2      | Noticed a water elemental
  1626 | D:2      | Noticed an earth elemental
  1657 | D:2      | Found a shimmering altar of Xom.
  2040 | D:2      | Reached skill level 5 in Stealth
  2218 | D:2      | Reached XP level 4. HP: 39/39 MP: 8/8
  2484 | D:2      | Reached skill level 6 in Stealth
  2556 | D:2      | Reached XP level 5. HP: 39/46 MP: 9/9
  2747 | D:2      | Learned a level 2 spell: Repel Missiles
  2827 | D:2      | Gained mutation: Your muscles are strong. (Str +2) [potion of beneficial mutation]
  3258 | D:3      | Found an oddly glowing altar of Pakellas.
  3258 | D:3      | Noticed an orange crystal statue
  3259 | D:3      | Noticed a yak
  3270 | D:3      | Killed a yak
  3476 | D:3      | Reached skill level 7 in Stealth
  3891 | D:3      | Found a blossoming altar of Fedhas.
  3925 | D:3      | Noticed Jessica
  3928 | D:3      | Killed Jessica
  4298 | D:4      | Noticed an ogre
  4304 | D:4      | Killed an ogre
  4304 | D:4      | Reached skill level 1 in Short Blades
  4304 | D:4      | Reached XP level 6. HP: 56/56 MP: 10/10
  4394 | D:4      | You fall through a shaft for 3 floors!
  4415 | D:5      | Entered Level 5 of the Dungeon
  4479 | D:5      | Mangled by a gnoll

Vault maps used:
D:1:      dpeg_arrival_ternary
D:2:      nicolae_qazlal_style_of_elements, overflow_temple_1_default,
          grunt_decor_cap, kennysheep_generic_room_6, uniq_iyjb
D:3:      nicolae_overflow_crystal_walls, minmay_misc_feat_columns,
          gammafunk_pakellas_statue_experiment, uniq_jessica
D:4:      forest_paths, kennysheep_ying_yang, vehumet_statue, serial_glass,
          glass_columns_a, glass_columns_b, glass_columns_c, glass_columns_b,
          glass_columns_b, glass_columns_c, glass_columns_a, glass_columns_b,
          glass_columns_b, glass_columns_b, first_bread, lemuel_statue_altar,
          uniq_eustachio
D:5:      nicolae_overflow_hidden_temple, minmay_temple_entry_junction,
          serial_shops, shop, uniq_edmund
D:6:      nicolae_gozag_cash_rules_everything_around_me,
          kennysheep_vampire_church, tso_metal_star, serial_shops,
          nicolae_shop_behind_doors, uniq_menkaure, uniq_pikel,
          uniq_crazy_yiuf_cottage
D:7:      uniq_prince_ribbit1

Action                   |  1- 3 |  4- 6 || total
-------------------------+-------+-------++-------
Melee: Dagger            |    10 |    77 ||    87
       Short sword       |    14 |       ||    14
 Cast: Magic Dart        |    22 |    33 ||    55
       Call Imp          |       |     5 ||     5
       Repel Missiles    |       |     1 ||     1
 Abil: Spit Poison       |    19 |    26 ||    45
  Use: Scroll            |       |     5 ||     5
       Potion            |       |     6 ||     6
 Stab: Sleeping          |     3 |     6 ||     9
  Eat: Chunk             |     4 |     6 ||    10
